 Dungeon Sprint DCSS version 0.28-a0-407-g69098e2f6d (webtiles) character file.

Game seed: 14200989565851294662

31332 dolemite99 the Severer (level 13, -3/104 HPs)
             Began as a Hill Orc Fighter on Sept 5, 2021.
             Was the Champion of Beogh.
             Slain by a bennu (6 damage)
             ... in the Dungeon (Sprint V: "Ziggurat Sprint").
             The game lasted 00:15:57 (1919 turns).

dolemite99 the Severer (Hill Orc Fighter)           Turns: 1919, Time: 00:15:57

Health: -3/104     AC: 38    Str: 30    XL:     13   Next: 57%
Magic:  0/24       EV:  1    Int: 13    God:    Beogh [******]
Gold:   0          SH: 31    Dex: 21    Spells: 12/12 levels left

rFire   + . .      SeeInvis +   a - +5 broad axe (flame)
rCold   + + .      Faith    .   O - +18 shield of the Gong {rElec rN+ Will+ EV-5}
rNeg    + . .      Spirit   +   k - +5 gold dragon scales
rPois   +          Reflect  .   (no helmet)
rElec   +          Harm     +   (no cloak)
rCorr   .          Rampage  .   (no gloves)
Will    +....      NoTele   +   W - +2 pair of boots of Symeewno {Harm Int+4 Dex+8}
Stlth   ..........              V - amulet "Wiuss" {Spirit rC+ Str+4 SInv}
HPRegen 0.27/turn               Z - ring of the Tortoise {AC+8}
MPRegen 0.19/turn               c - ring "Zufeny" {rPois Str+3 Dex+3}

@: mighty, studying Armour
A: walk on water
a: Renounce Religion, Smiting, Recall Orcish Followers, Give Item to Named
Follower, Resurrection


You were in the Dungeon.
You worshipped Beogh.
Beogh was exalted by your worship.
You visited 1 branch

Inventory:

Hand Weapons
 a - a +5 broad axe of flaming (weapon)
 b - a +6 hand crossbow
 G - a +5 fustibalus
 K - a +5 demon trident
 L - a +5 battleaxe
 M - a +5 broad axe
 P - the +8 lance "Wyrmbane" {slay drac, rPois rF+ rC+ AC+3}
   (You found it in the Dungeon)

   It inflicts extra damage against dragons and draconians.
   AC:        It affects your AC (+3).
   rF:        It protects you from fire.
   rC:        It protects you from cold.
   rPois:     It protects you from poison.
 R - the +7 battleaxe of Imminent Death {flame, rN+++ Str+4 Int-4}
   (You found it in the Dungeon)

   It burns those it strikes, dealing additional fire damage.
   Big, fiery blades are also staple armaments of hydra-hunters.
   Str:       It affects your strength (+4).
   Int:       It affects your intelligence (-4).
   rN:        It renders you almost immune to negative energy.
Missiles
 I - 998 bolts
 J - 1000 sling bullets
Armour
 k - +5 gold dragon scales (worn)
 l - a +3 kite shield
 O - the +18 shield of the Gong (worn) {rElec rN+ Will+ EV-5}
   (You found it in the Dungeon)

   It is deafeningly noisy when blocking attacks.
   EV:        It affects your evasion (-5).
   rElec:     It insulates you from electricity.
   rN:        It protects you from negative energy.
   Will:      It increases your willpower.
 Q - +5 storm dragon scales
 T - the +5 chain mail of the Evening Star {Regen+}
   (You found it in the Dungeon)

   Regen:     It increases your rate of health regeneration.
 W - the +2 pair of boots of Symeewno (worn) {Harm Int+4 Dex+8}
   (You found it in the Dungeon)

   Int:       It affects your intelligence (+4).
   Dex:       It affects your dexterity (+8).
   Harm:      It increases damage dealt and taken.
Jewellery
 c - the ring "Zufeny" (right hand) {rPois Str+3 Dex+3}
   (You found it in the Dungeon)

   [ring of poison resistance]

   Str:       It affects your strength (+3).
   Dex:       It affects your dexterity (+3).
   rPois:     It protects you from poison.
 f - a +4 ring of slaying
 j - a ring of protection from fire
 z - a ring of wizardry
 A - a +6 ring of dexterity
 B - a +6 ring of intelligence
 C - a +6 ring of intelligence
 D - a +6 ring of intelligence
 E - a +6 ring of strength
 N - the ring "Feyfid" {rElec rN+ Str-5 Dex+6}
   (You found it in the Dungeon)

   [ring of dexterity]

   Str:       It affects your strength (-5).
   Dex:       It affects your dexterity (+6).
   rElec:     It insulates you from electricity.
   rN:        It protects you from negative energy.
 S - a +4 ring of protection
 U - the amulet of Erielydais {Acrobat Fly rF+ rN+ Str+4}
   (You found it in the Dungeon)

   [amulet of the acrobat]

   It increases your evasion while moving and waiting.
   Str:       It affects your strength (+4).
   rF:        It protects you from fire.
   rN:        It protects you from negative energy.
   Fly:       It grants you flight.
 V - the amulet "Wiuss" (around neck) {Spirit rC+ Str+4 SInv}
   (You acquired it in the Dungeon)

   [amulet of guardian spirit]

   It causes incoming damage to be divided between your reserves of health and
   magic.
   Str:       It affects your strength (+4).
   rC:        It protects you from cold.
   SInv:      It lets you see invisible.
 X - a ring of positive energy
 Z - the ring of the Tortoise (left hand) {AC+8}
   (You found it in the Dungeon)

   [ring of protection]

   AC:        It affects your AC (+8).
Wands
 v - a wand of mindburst (2)
 w - a wand of iceblast (2)
 x - a wand of acid (1)
Scrolls
 m - 4 scrolls of amnesia
 n - 6 scrolls of fog
 o - a scroll of holy word
 p - 5 scrolls of identify {@r1}
 q - a scroll of fear
 y - 2 scrolls of enchant weapon
Potions
 d - 2 potions of might
 e - 8 potions of curing
 g - 14 potions of haste
 h - 5 potions of magic
 i - 3 potions of berserk rage
 r - 2 potions of brilliance
 t - 3 potions of resistance
Miscellaneous
 s - a condenser vane
 u - a lightning rod (4/4)
 F - a box of beasts
 H - a phantom mirror
 Y - a tin of tremorstones (2/2)


   Skills:
 - Level 6.6 Fighting
 - Level 19.1 Axes
 - Level 17.3 Crossbows
 + Level 17.7 Armour
 - Level 10.5 Shields
 + Level 14.9 Invocations
 - Level 14.2 Evocations


You had 12 spell levels left.
You didn't know any spells.
Your spell library contained the following spells:

 Spells                   Type           Power      Damage    Failure   Level
 Animate Skeleton         Necr           0%         N/A       100%        1
 Apportation              Tloc           0%         N/A       100%        1
 Pain                     Necr           0%         1d4       100%        1
 Corpse Rot               Necr/Air       N/A        N/A       100%        2
 Poisonous Vapours        Pois/Air       0%         N/A       100%        2
 Slow                     Hex            0%         N/A       100%        2
 Wereblood                Tmut           0%         N/A       100%        2
 Call Canine Familiar     Summ           0%         N/A       100%        3
 Conjure Flame            Conj/Fire      0%         6-21      100%        3
 Dazzling Flash           Conj/Hex       0%         N/A       100%        3
 Portal Projectile        Hex/Tloc       0%         N/A       100%        3
 Spider Form              Tmut/Pois      0%         N/A       100%        3
 Stone Arrow              Conj/Erth      0%         3d7       100%        3
 Swiftness                Air            0%         N/A       100%        3
 Vampiric Draining        Necr           0%         2d6       100%        3
 Airstrike                Air            0%         N/A       100%        4
 Animate Armour           Summ/Erth      0%         N/A       100%        4
 Cause Fear               Hex            0%         N/A       100%        4
 Dispel Undead            Necr           0%         3d6       100%        4
 Flame Wave               Conj/Fire      0%         3d3       100%        4
 Iskenderun's Mystic Bla  Conj/Tloc      0%         2d3       100%        4
 Summon Ice Beast         Ice/Summ       0%         N/A       100%        4
 Summon Lightning Spire   Summ/Air       0%         N/A       100%        4
 Agony                    Necr           0%         N/A       100%        5
 Fireball                 Conj/Fire      0%         3d3       100%        5
 Lightning Bolt           Conj/Air       0%         1d11      100%        5
 Silence                  Hex/Air        0%         N/A       100%        5
 Summon Forest            Summ/Tloc      0%         N/A       100%        5
 Summon Mana Viper        Hex/Summ       0%         N/A       100%        5
 Yara's Violent Unravell  Hex/Tmut       0%         3d3       100%        5
 Death Channel            Necr           0%         N/A       100%        6
 Eringya's Noxious Bog    Tmut/Pois      0%         N/A       100%        6
 Simulacrum               Ice/Necr       0%         N/A       100%        6
 Starburst                Conj/Fire      0%         6d3       100%        6
 Dragon Form              Tmut           0%         N/A       100%        7
 Monstrous Menagerie      Summ           0%         N/A       100%        7
 Summon Hydra             Summ           0%         N/A       100%        7
 Discord                  Hex            0%         N/A       100%        8
 Lehudib's Crystal Spear  Conj/Erth      0%         10d2      100%        8
 Maxwell's Capacitive Co  Air            0%         ∞         100%        8
 Dragon's Call            Summ           0%         N/A       100%        9
 Fire Storm               Conj/Fire      0%         5d1       100%        9


Dungeon Overview and Level Annotations

Branches:
Dungeon (1/1)

Altars:
Ashenzari
Cheibriados
Dithmenos
Elyvilon
Fedhas
Gozag
Hepliaklqana
Kikubaaqudgha
Makhleb
Nemelex Xobeh
Okawaru
Qazlal
Ru
Sif Muna
Trog
Uskayaw
Vehumet
Wu Jian
Xom
Yredelemnul
Zin
The Shining One
Beogh
Jiyva
Lugonu


Message History

* * * LOW HITPOINT WARNING * * *
You block the bennu's attack.
GONNNNG!
The bennu claws you but does no damage. x2
You block the flying skull's attack.
PANG!
You block the guardian mummy's attack.
GONNNNG!
You barely miss the bennu.
The bennu is moderately wounded.
You slash the flying skull! You burn the flying skull.
You hit the quokka zombie. You burn the quokka zombie.
You slice the guardian mummy!! You burn the guardian mummy!
The bennu's plumage briefly flares with an otherwordly flame.
You block the bennu's attack.
GONNNNG!
You block the bennu's attack.
GONNNNG!
The bennu claws you but does no damage. The bennu pecks you!
* * * LOW HITPOINT WARNING * * *
The bennu claws you but does no damage. You block the bennu's attack.
GONNNNG!
You slice the bennu!!
The bennu is severely wounded.
You slash the guardian mummy! You burn the guardian mummy.
You destroy the guardian mummy!
Beogh accepts your kill.
You slash the quokka zombie! You burn the quokka zombie.
You destroy the quokka zombie!
Beogh accepts your kill.
You barely miss the flying skull.
You feel extremely nervous for a moment...
You feel a surge of unholy energy.
The flying skull hits you but does no damage.
You block the bennu's attack.
GONNNNG!
You block the bennu's attack.
PANG!
The bennu claws you.
You die...

........ ..▓...........▓
............▓...........▓
.............▓...........▓
▓.........M...▓...........▓
▓..........M..▓...........▓
..▓.....Mz▓M.▓..▓.....▓..▓
▓ ▓.▓....M▓.▓.▓...........▓
▓..▓.......▓M.▓.....©.....▓
▓.........@b..▓▓▓▓▓▓▓▓▓▓▓▓▓
▓......©..zz..▓....8©8....▓
▓▓▓▓▓▓▓▓▓▓▓▓▓▓▓.☼☼):|}:)..▓
▓☼☼○}"6)})..▓ ▓○☼○1&..)...▓
▓§○○.43.....▓ ▓☼☼☼5.......▓
▓(.&○2.v....▓ ▓..▓..)..▓..▓


You could see a bennu, a mummy priest, a guardian mummy, 2 flying skulls and 2
mummies.

Vanquished Creatures
  A royal mummy (D)
  A rockslime (D)
  An azure jelly (D)
  A fire giant (D)
  An orc warlord (D)
  A yellow draconian (D)
  An entropy weaver (D)
  A black draconian (D)
  A bennu (D)
  A spark wasp (D)
  A fire dragon (D)
  2 dancing weapons (D)
  A hell hog (D)
  2 deep elf knights (D)
  A deep elf archer (D)
  3 orc knights (D)
  A deep elf pyromancer (D)
  A wolf spider (D)
  4 draconians (D)
  An orb spider (D)
  An eye of devastation (D)
  A guardian mummy (D)
  An efreet (D)
  2 demonic crawlers (D)
  4 merfolk (D)
  A jumping spider (D)
  A hornet (D)
  2 wind drakes (D)
  3 slime creatures (D)
  A redback (D)
  A flying skull (D)
  8 tarantellas (D)
  4 wyverns (D)
  An ushabti (D)
  A steam dragon (D)
  2 acid dragons (D)
  3 hell hounds (D)
  A swamp drake (D)
  2 ogres (D)
  3 scorpions (D)
  An earth elemental (D)
  A crimson imp (D)
  A quasit (D)
  An orc priest (D)
  2 jellies (D)
  A mummy (D)
  A shadow imp (D)
  An endoplasm (D)
  A ball python zombie (D)
  A jackal zombie (D)
  A quokka zombie (D)
  A fire vortex (D)
83 creatures vanquished.

Vanquished Creatures (collateral kills)
  2 fire dragons (D)
  A shining eye (D)
  A slime creature (D)
  A troll (D)
  A hell hound (D)
  2 orc warriors (D)
  An ogre (D)
  A scorpion (D)
  A jelly (D)
  2 orc priests (D)
13 creatures vanquished.

Vanquished Creatures (others)
  A blood saint (D)
  3 orc knights (D)
  A smoke demon (D)
  2 orange demons (D)
  4 orc warriors (D)
  A ynoxinul (D)
  3 orc priests (D)
  A jelly (D)
  3 orc wizards (D)
  An orc (D)
20 creatures vanquished.

Grand Total: 116 creatures vanquished

Notes
Turn   | Place    | Note
-------+----------+-------------------------------------------
     0 | D        | dolemite99 the Hill Orc Fighter began the quest for the
                  | Orb.
     0 | D        | Reached XP level 1. HP: 19/19 MP: 1/1
     6 | D        | Became a worshipper of Beogh the Brigand
    22 | D        | Found a blossoming altar of Fedhas.
    22 | D        | Found the +6 Majin-Bo {vamp, MP+6 Int+6}
    22 | D        | Found the +9 heavy crossbow "Sniper" {vorpal, Acc+∞ SInv}
    22 | D        | Found the +10 dark maul {vorpal}
    22 | D        | Found the +15 Maxwell's patent armour {-Cast -Tele rElec
                  | Will+ rCorr}
    22 | D        | Found the +18 shield of the Gong {rElec rN+ Will+ EV-5}
    22 | D        | Found the +14 obsidian axe {vorpal, Mesm Drain Fly SInv}
    22 | D        | Found the +7 great mace "Firestarter" {inner flame, rF++}
    22 | D        | Found the +6 shillelagh "Devastator" {shatter}
    22 | D        | Found the +11 plutonium sword {Contam Stlth-}
    22 | D        | Found the +8 lance "Wyrmbane" {slay drac, rPois rF+ rC+
                  | AC+3}
    22 | D        | Found the +9 sword of Zonguldrok {reap}
    22 | D        | Found the +13 scythe of Curses {drain, Drain}
    22 | D        | Found the +5 sword of Power {vorpal}
    22 | D        | Found the +7 mace of Variability {chain chaos}
    22 | D        | Found the +7 Singing Sword {vorpal, sonic wave}
    22 | D        | Found the +8 storm bow {elec, penet}
    34 | D        | Found a viscous altar of Jiyva.
    34 | D        | Found a hazy altar of Hepliaklqana.
    34 | D        | Found a transporter.
    34 | D        | Found an opulent altar of Gozag.
    34 | D        | Found an ancient bone altar of Kikubaaqudgha.
    34 | D        | Found a corrupted altar of Lugonu.
    36 | D        | Found a burning altar of Makhleb.
    37 | D        | Found a sacrificial altar of Ru.
    37 | D        | Found a shimmering blue altar of Sif Muna.
    37 | D        | Found a stormy altar of Qazlal.
    37 | D        | Found a bloodstained altar of Trog.
    37 | D        | Found an iron altar of Okawaru.
    37 | D        | Found a sparkling altar of Nemelex Xobeh.
   134 | D        | Entered arena 2.
   134 | D        | Noticed an ushabti
   134 | D        | Found a transporter.
   135 | D        | Reached skill level 10 in Axes
   135 | D        | Reached XP level 2. HP: 26/26 MP: 2/2
   152 | D        | Killed an ushabti
   153 | D        | Reached skill level 14 in Axes
   153 | D        | Reached XP level 3. HP: 27/31 MP: 3/3
   153 | D        | Reached XP level 4. HP: 34/39 MP: 4/4
   153 | D        | Reached XP level 5. HP: 39/45 MP: 5/5
   193 | D        | Entered arena 3.
   193 | D        | Found a transporter.
   198 | D        | Reached * piety under Beogh
   201 | D        | Reached skill level 15 in Axes
   201 | D        | Reached ** piety under Beogh
   202 | D        | Reached XP level 6. HP: 51/51 MP: 6/6
   209 | D        | Got the Papyrus of Attacks and the Oath
   219 | D        | Entered arena 4.
   219 | D        | Noticed a tarantella
   219 | D        | Noticed a tarantella
   219 | D        | Found a transporter.
   225 | D        | Killed a tarantella
   226 | D        | Reached skill level 17 in Axes
   226 | D        | Reached XP level 7. HP: 22/57 MP: 7/7
   234 | D        | Killed a tarantella
   235 | D        | Reached skill level 18 in Axes
   235 | D        | Reached *** piety under Beogh
   236 | D        | Reached skill level 19 in Axes
   240 | D        | Got the +7 battleaxe of Imminent Death {flame, rN+++ Str+4
                  | Int-4}
   244 | D        | Got the +5 chain mail of the Evening Star {Regen+}
   250 | D        | Entered arena 5.
   250 | D        | Found a transporter.
   253 | D        | Reached **** piety under Beogh
   257 | D        | Got the amulet of Erielydais {Acrobat Fly rF+ rN+ Str+4}
   260 | D        | Acquired the amulet "Wiuss" {Spirit rC+ Str+4 SInv}
   359 | D        | Entered arena 6.
   359 | D        | Noticed a jumping spider
   359 | D        | Noticed a tarantella
   359 | D        | Noticed a tarantella
   359 | D        | Found a transporter.
   365 | D        | Reached skill level 5 in Shields
   365 | D        | Killed a tarantella
   366 | D        | Reached XP level 8. HP: 62/64 MP: 6/8
   367 | D        | Killed a tarantella
   370 | D        | Killed a jumping spider
   371 | D        | Reached skill level 10 in Shields
   375 | D        | Got the +2 pair of boots of Symeewno {Harm Int+4 Dex+8}
   572 | D        | Entered arena 7.
   572 | D        | Noticed a wind drake
   572 | D        | Noticed a merfolk
   572 | D        | Noticed a wind drake
   572 | D        | Noticed a merfolk
   572 | D        | Noticed a merfolk
   572 | D        | Noticed a merfolk
   573 | D        | Found a transporter.
   580 | D        | Killed a wind drake
   580 | D        | Reached ***** piety under Beogh
   585 | D        | Killed a wind drake
   586 | D        | Reached XP level 9. HP: 34/70 MP: 5/15
   591 | D        | Killed a merfolk
   592 | D        | Reached skill level 10 in Invocations
   604 | D        | Killed a merfolk
   608 | D        | Killed a merfolk
   609 | D        | Reached skill level 5 in Fighting
   609 | D        | Killed a merfolk
   787 | D        | Entered arena 8.
   787 | D        | Found the ring of the Tortoise {AC+8}
   787 | D        | Noticed a draconian
   787 | D        | Noticed a yellow draconian
   787 | D        | Noticed a draconian
   787 | D        | Noticed a draconian
   787 | D        | Noticed a black draconian
   787 | D        | Noticed a draconian
   794 | D        | Found a transporter.
   801 | D        | Killed a black draconian
   802 | D        | Reached XP level 10. HP: 52/84 MP: 7/18
   804 | D        | Killed a draconian
   806 | D        | Killed a draconian
   807 | D        | Reached skill level 10 in Evocations
   811 | D        | Killed a draconian
   813 | D        | Killed a draconian
   817 | D        | Killed a yellow draconian
   830 | D        | Got the Catalogue of the Icy Compass
   839 | D        | Got the ring "Feyfid" {rElec rN+ Str-5 Dex+6}
   846 | D        | Got the Grimoire of Twisted Intoxication
   928 | D        | Entered arena 9.
   928 | D        | Found the +8 Wrath of Trog {antimagic, *Rage Rampage}
   928 | D        | Noticed a deep elf knight
   928 | D        | Noticed a +2 war axe of electrocution
   928 | D        | Noticed a +3 vorpal flail
   928 | D        | Noticed a deep elf pyromancer
   928 | D        | Noticed a deep elf archer
   928 | D        | Noticed a deep elf knight
   933 | D        | Killed a +3 vorpal flail
   934 | D        | Reached XP level 11. HP: 91/91 MP: 19/19
   934 | D        | Killed a +2 war axe of electrocution
   934 | D        | Reached ****** piety under Beogh
   935 | D        | Found a transporter.
   938 | D        | Killed a deep elf knight
   938 | D        | Killed a deep elf knight
   942 | D        | Killed a deep elf pyromancer
   954 | D        | Killed a deep elf archer
  1039 | D        | Entered arena 10.
  1040 | D        | Found a transporter.
  1173 | D        | Entered arena 11.
  1201 | D        | Found a transporter.
  1210 | D        | Got the ring "Zufeny" {rPois Str+3 Dex+3}
  1223 | D        | Got the amulet "Mexefoqa" {Reflect Harm Rampage Fly Will-
                  | Dex+8 SH+5}
  1232 | D        | Got the Volume of Quantum Weightlessness
  1241 | D        | Entered arena 12.
  1241 | D        | Noticed an orc warlord
  1241 | D        | Noticed an orc knight
  1241 | D        | Noticed an orc knight
  1243 | D        | Noticed an orc knight
  1249 | D        | Reached skill level 1 in Crossbows
  1250 | D        | Killed an orc knight
  1254 | D        | Killed an orc knight
  1255 | D        | Reached skill level 5 in Crossbows
  1256 | D        | Killed an orc knight
  1260 | D        | Killed an orc warlord
  1261 | D        | Found a transporter.
  1389 | D        | Entered arena 13.
  1389 | D        | Noticed a fire dragon
  1389 | D        | Noticed a fire dragon
  1389 | D        | Noticed a hell hog
  1389 | D        | Noticed a fire giant
  1391 | D        | Noticed a fire dragon
  1392 | D        | Reached XP level 12. HP: 80/97 MP: 13/20
  1392 | D        | Killed a hell hog
  1393 | D        | Killed a fire dragon
  1394 | D        | Reached skill level 10 in Crossbows
  1394 | D        | Killed a fire giant
  1395 | D        | Killed a fire dragon
  1396 | D        | Killed a fire dragon
  1406 | D        | Found a transporter.
  1548 | D        | Got the Grimoire of the Birds and Translocation
  1577 | D        | Entered arena 14.
  1583 | D        | Noticed a spark wasp
  1583 | D        | Noticed an entropy weaver
  1590 | D        | Killed a spark wasp
  1601 | D        | Killed an entropy weaver
  1602 | D        | Reached skill level 15 in Crossbows
  1710 | D        | Found a transporter.
  1720 | D        | Got the Almanac of Shifting Attacks
  1723 | D        | Got the Almanac of Combat Magic and Transformation
  1725 | D        | Got the Reference Book on the Supportive Oath
  1746 | D        | Entered arena 15.
  1747 | D        | Noticed Ilakh the pandemonium lord
  1747 | D        | Noticed an infernal blood saint
  1747 | D        | Noticed Ceumychu the pandemonium lord
  1747 | D        | Noticed a green death
  1748 | D        | Noticed Vatamoas the pandemonium lord
  1748 | D        | Noticed an Executioner
  1748 | D        | Killed an infernal blood saint
  1756 | D        | Found a transporter.
  1756 | D        | Noticed a gelid corrupter
  1758 | D        | Entered arena 16.
  1760 | D        | Noticed a rockslime
  1760 | D        | Noticed an azure jelly
  1772 | D        | Killed a rockslime
  1773 | D        | Reached XP level 13. HP: 104/104 MP: 8/21
  1777 | D        | Killed an azure jelly
  1853 | D        | Found a transporter.
  1867 | D        | Got the Papyrus of Patterns
  1872 | D        | Acquired a manual of Armour
  1893 | D        | Entered arena 17.
  1897 | D        | Noticed a mummy priest
  1897 | D        | Noticed a bennu
  1897 | D        | Noticed a royal mummy
  1903 | D        | Killed a royal mummy
  1910 | D        | Killed a bennu
  1910 | D        | Noticed a bennu
  1918 | D        | HP: 3/104 [bennu (10)]
  1919 | D        | Slain by a bennu

Illustrated notes

Levels and vault maps discovered:
D:        sprint_v [room_start, room_1, room_2, room_3, room_4, room_5, room_6,
          room_7, room_8, room_9, room_10, room_11, room_12, room_13, room_14,
          room_15, room_16, room_17, room_18, room_19, room_20, room_21,
          room_22, room_23, room_24, room_25, room_26, room_27]

Skill      XL: |  1  2  3  4  5  6  7  8  9 10 11 12 13 |
---------------+----------------------------------------+-----
Axes           | 10 14 15 17 19 | 19.1
Shields        | 7 10 | 10.5
Invocations    | 8 11 14 | 14.9
Fighting       | 6 |  6.6
Armour         | 6 14 17 | 17.7
Evocations     | 7 14 | 14.2
Crossbows      | 8 16 17 | 17.3

Action                   |  1- 3 |  4- 6 |  7- 9 | 10-12 | 13-15 || total
-------------------------+-------+-------+-------+-------+-------++-------
Melee: Broad axe         |    12 |    13 |    37 |    53 |    20 ||   135
 Fire: Hand crossbow     |       |       |       |     4 |       ||     4
Invok: Smiting           |       |       |     4 |     2 |     6 ||    12
Evoke: Wand              |       |       |     3 |    13 |       ||    16
       Condenser vane    |       |       |       |     3 |       ||     3
       Piece from Xom's  |       |       |       |     1 |       ||     1
       Tin of tremorston |       |       |       |     1 |       ||     1
       Phantom mirror    |       |       |       |     1 |       ||     1
  Use: Potion            |     2 |       |     9 |    10 |     1 ||    22
       Scroll            |       |       |     2 |     7 |     1 ||    10
 Stab: Invisible         |     1 |       |     8 |       |       ||     9
       Distracted        |       |       |     1 |       |     1 ||     2
Armor: Gold dragon scale |     1 |    14 |    18 |    36 |    22 ||    91
Dodge: Dodged            |       |     1 |     2 |     1 |     2 ||     6
Block: Kite shield       |     7 |    23 |    70 |    91 |    54 ||   245

Table legend: (Time is in decaauts)
 A = Elapsed time spent in this place.
 B = Non-inter-level travel time spent in this place.
 C = Inter-level travel time spent in this place.
 D = Time resting spent in this place.
 E = Time spent auto-exploring this place.
 F = Levels seen in this place.
 G = Mean time per level.
                   A        B        C        D        E       F      G
               +--------+--------+--------+--------+--------+-----+--------+
         Total |   1898 |   1898 |      0 |    779 |    311 |   1 | 1898.0 |
       Dungeon |   1898 |   1898 |      0 |    779 |    311 |   1 | 1898.0 |
               +--------+--------+--------+--------+--------+-----+--------+

Top non-repeatable levels by time:
       D: 1898 daAuts
